 Dungeon Crawl Stone Soup version 0.31-a0-620-gd1cbd99268 (webtiles) character file.

Game seed: 8117772404687518352

167 Dirtsage the Changeling (level 5, -2/33 HPs)
             Began as an Octopode Shapeshifter on Aug 23, 2023.
             Slain by a kobold
             ... wielding a +0 club
              (4 damage)
             ... on level 2 of the Dungeon.
             The game lasted 00:04:18 (1964 turns).

Dirtsage the Changeling (Octopode Shapeshifter)     Turns: 1964, Time: 00:04:18

Health: -2/33      AC:  1    Str: 15    XL:     5   Next: 48%
Magic:  5/5        EV: 13    Int: 12    God:
Gold:   113        SH:  0    Dex: 12    Spells: 4/4 levels left

rFire   . .          .
                       - Unarmed
rCold   . . .        (no shield)
rNeg    . . .        (helmet currently unavailable)
rPois   .            (no amulet)
rElec   .            S - ring of see invisible
rCorr   .            n - ring of flight
SInv    +            (no ring)
Will    .....        (no ring)
Stlth   ++           (no ring)
HPRegen 0.25/turn    (no ring)
MPRegen 0.09/turn    (no ring)
                     (no ring)

%: no passive effects
@: beast-form, flying
A: beast (slay +2), almost no armour, amphibious, 8 rings, camouflage 1,
gelatinous body 1, (nimble swimmer 1), tentacles
a: Begin Untransformation


You were on level 2 of the Dungeon.
You were a hulking beast.
You visited 1 branch of the dungeon, and saw 3 of its levels.

You collected 113 gold pieces.

Inventory:

Jewellery
 n - a ring of flight (right tentacle)
 S - a ring of see invisible (left tentacle)
Talismans
 b - a beast talisman (active)
 c - a flux talisman
Scrolls
 d - a scroll of amnesia {unknown}
 f - a scroll of noise {unknown}
 h - 2 scrolls of immolation {unknown}
 i - 2 scrolls of teleportation {unknown}
 j - 2 scrolls of identify {unknown}
 l - a scroll of fog {unknown}
Potions
 a - a potion of lignification
 e - 3 potions of curing {unknown}
 g - a potion of attraction {unknown}
 k - a potion of brilliance {unknown}
 m - a potion of degeneration {unknown}


   Skills:
 - Level 1.0 Fighting
 - Level 2.0 Dodging
 + Level 4.2 Unarmed Combat
 * Level 4.9 Shapeshifting


You had 4 spell levels left.
You didn't know any spells.
Your spell library was empty.

Dungeon Overview and Level Annotations

Branches:
Dungeon (3/15)

Altars:

Annotations:
D:3 Natasha


Innate Abilities, Weirdness & Mutations

You are a hulking beast.
Your limbs bulge with bestial killing power. (Slay +2)
You cannot wear most types of armour.
You are amphibious.
You can wear up to eight rings at the same time.
Your skin changes colour to match your surroundings (Stealth+).
Your rubbery body absorbs attacks. (AC +1, EV +1)
((You are camouflaged when in or above water. (Stealth+)))
You have tentacles for arms and can constrict up to eight enemies at once.


Message History

There is a stone staircase leading down here.
You take 3 damage, and have 21/33 hp.
You completely miss the orc wizard. You grab the orc wizard.
You squeeze the orc wizard.
The orc wizard is lightly wounded.
You constrict the orc wizard.
The orc wizard hits you with a +0 dagger.
The kobold hits you with a +0 short sword.
You take 6 damage, and have 15/33 hp.
You tentacle-slap the orc wizard. You tentacle-slap the orc wizard!
You kill the orc wizard!
You tentacle-slap the kobold.
You kill the kobold!
You see here a +0 short sword.
There is a stone staircase leading down here.
You start resting.
HP restored.
Health restored: 33 You fly downwards.
Natasha hisses angrily.
The orc priest shouts!
The orc hits you with a +0 hand axe! The orc completely misses you.
The orc barely misses you. The kobold hits you with a +0 club.
The orc barely misses you.
There is a stone staircase leading up, spattered with blood here.
You take 12 damage, and have 21/33 hp.
MASSIVE DAMAGE!!
Natasha casts a spell.
The orc hits you with a +0 hand axe.
The orc priest mumbles some strange prayers to Beogh against you.
Beogh smites you!
* * * LOW HITPOINT WARNING * * *
The kobold closely misses you. The orc hits you with a +0 hand axe.
* * * LOW HITPOINT WARNING * * *
You fly upwards.
There is a stone staircase leading down here.
You take 19 damage, and have 2/33 hp.
MASSIVE DAMAGE!!
You tentacle-slap the orc but do no damage.
You grab the orc. You squeeze the orc!
You kill the orc!
The kobold hits you with a +0 club.
You die...

### ..# #.# #.## ...# .#.###
.#...################
####.รทรท.......oKh)..#
.#....#############.# ......# #.#
......# #.############ #.....##
#............##
.......#######################...
................)# #<.##...
.......###.#####.# #...#...
##...#.# #.# #.##########).#...


You could see an orc and a kobold.

Vanquished Creatures
  Terence (D:2)
  An orc wizard (D:2)
  A gnoll (D:1)
  5 adders (D:2)
  2 worms
  3 orcs
  4 endoplasms
  4 giant cockroaches
  4 goblins
  4 hobgoblins
  6 jackals
  3 quokkas
  2 ball pythons (D:1)
  4 bats
  A frilled lizard (D:3)
  5 kobolds
  4 rats
54 creatures vanquished.

Notes
Turn   | Place    | Note
-------+----------+-------------------------------------------
     0 | D:1      | Dirtsage the Octopode Shapeshifter began the quest for the
                  | Orb.
     0 | D:1      | Reached XP level 1. HP: 13/13 MP: 1/1
    45 | D:1      | Reached XP level 2. HP: 17/18 MP: 2/2
   720 | D:2      | Reached XP level 3. HP: 21/23 MP: 3/3
  1044 | D:2      | Reached XP level 4. HP: 24/28 MP: 4/4
  1302 | D:2      | Noticed Terence
  1309 | D:2      | Killed Terence
  1549 | D:2      | Reached XP level 5. HP: 24/33 MP: 5/5
  1961 | D:3      | Noticed Natasha
  1962 | D:3      | HP: 1/33 [orc/+0 hand axe (2)]
  1964 | D:2      | Slain by a kobold

Illustrated notes

Levels and vault maps discovered:
D:1:      lightli_arrival_windingriver, layout_loops_ring
D:2:      layout_loops_ring, grunt_ministairs_6, uniq_terence
D:3:      layout_basic, nicolae_overflow_crystal_walls, uniq_natasha

Skill      XL: |  1  2  3  4 |
---------------+-------------+-----
Shapeshifting  | 4 |  4.9
Unarmed Combat | 4 |  4.2
Fighting       | |  1.0
Dodging        | |  2.0

Action                     |  1- 3 |  4- 6 || total
---------------------------+-------+-------++-------
  Melee: Unarmed           |    54 |    55 ||   109
         Constrict         |    11 |    16 ||    27
         Tentacles         |     6 |    13 ||    19
         Punch             |     3 |     3 ||     6
   Stab: Sleeping          |     2 |     3 ||     5
 Armour: Skin              |     1 |     3 ||     4
  Dodge: Dodged            |    30 |    41 ||    71

Table legend: (Time is in decaauts)
 A = Elapsed time spent in this place.
 B = Non-inter-level travel time spent in this place.
 C = Inter-level travel time spent in this place.
 D = Time resting spent in this place.
 E = Time spent auto-exploring this place.
 F = Levels seen in this place.
 G = Mean time per level.
                   A        B        C        D        E       F      G
               +--------+--------+--------+--------+--------+-----+--------+
         Total |   1955 |   1914 |     41 |     65 |   1532 |   3 |  651.7 |
       Dungeon |   1955 |   1914 |     41 |     65 |   1532 |   3 |  651.7 |
               +--------+--------+--------+--------+--------+-----+--------+

Top non-repeatable levels by time:
     D:2: 1028 daAuts
     D:1: 695 daAuts
     D:3: 232 daAuts
